 Dungeon Crawl Stone Soup version 0.31-a0-180-g519b7de00c (webtiles) character file.

Game seed: 8202867699285389254

292 qw the Shooter (level 6, -5/56 HPs)
             Began as a Naga Hunter on June 19, 2023.
             Slain by Duvessa
             ... wielding a +0 rapier
              (10 damage)
             ... on level 4 of the Dungeon.
             The game lasted 00:01:08 (2132 turns).

qw the Shooter (Naga Hunter)                        Turns: 2132, Time: 00:01:09

Health: -5/56      AC:  6    Str: 13    XL:     6   Next: 33%
Magic:  6/6        EV: 11    Int: 10    God:
Gold:   148        SH:  0    Dex: 22    Spells: 5/5 levels left

rFire   + . .        Y - +2 shortbow (flame)
rCold   . . .        (shield currently unavailable)
rNeg    . . .        h - +2 robe {rF+}
rPois   +            i - +0 helmet
rElec   .            (no cloak)
rCorr   .            (no gloves)
SInv    +            (no barding)
Will    .....        e - amulet of regeneration
Stlth   ++           k - +6 ring of dexterity
HPRegen 1.09/turn    (no ring)
MPRegen 0.10/turn

%: no passive effects
@: about to teleport, very slow
A: AC +2, large, see invisible, deformed body, poison resistance, slowness 2,
spit poison 1, naga tail 1
a: Spit Poison


You were on level 4 of the Dungeon.
You visited 1 branch of the dungeon, and saw 4 of its levels.

You collected 148 gold pieces.


Innate Abilities, Weirdness & Mutations

Your serpentine skin is tough. (AC +2)
You have supernaturally acute eyesight. (SInv)
Armour fits poorly on your strangely shaped body.
Your system is resistant to poisons. (rPois)
You cover ground very slowly.
You can spit poison.
You have a snake-like lower body.


   Skills:
 + Level 3.0 Fighting
 - Level 6.1 Ranged Weapons
 - Level 2.1 Dodging
 - Level 1.5 Stealth


You had 5 spell levels left.
You didn't know any spells.
Your spell library was empty.

Inventory:

Hand Weapons
 Y - a +2 shortbow of flaming (weapon)
Armour
 a - a +1 ring mail of cold resistance
 h - a +2 robe of fire resistance (worn)
 i - a +0 helmet (worn)
Jewellery
 e - an amulet of regeneration (around neck)
 k - a +6 ring of dexterity (left hand)
Scrolls
 j - a scroll of identify
Potions
 d - a potion of heal wounds
 g - a potion of resistance

Dungeon Overview and Level Annotations

Branches:
Dungeon (4/15)
 Temple: D:4-7

Altars:
Fedhas
Gozag
Kikubaaqudgha
Qazlal

Annotations:
D:4 Duvessa


Message History

You shoot an arrow. The arrow completely misses Duvessa.
You shoot an arrow. The arrow barely misses Duvessa.
Duvessa misses you.
You shoot an arrow. The arrow hits Duvessa.
The arrow burns Duvessa.
Duvessa is moderately wounded.
Duvessa barely misses you. Duvessa hits you with a +0 rapier.
You shoot an arrow. The arrow hits Duvessa.
The arrow burns Duvessa.
Duvessa is moderately wounded.
Duvessa hits you with a +0 rapier.
You shoot an arrow. The arrow hits Duvessa.
The arrow burns Duvessa.
Duvessa is heavily wounded.
Duvessa hits you with a +0 rapier! Duvessa hits you but does no damage.
You shoot an arrow.
The arrow hits Duvessa but does no damage.
Duvessa is heavily wounded.
You have got your breath back.
Duvessa hits you with a +0 rapier! Duvessa hits you but does no damage.
2128 ||| INVOKING Spit Poison.
Aiming: Spit Poison (1% risk of failure)
Press: ? - help, Shift-Dir - straight line, f/p - Duvessa The splash of poison hits Duvessa but does no damage.
Duvessa looks even sicker.
Duvessa is heavily wounded.
Duvessa closely misses you.
You shoot an arrow. The arrow hits Duvessa!
The arrow burns Duvessa.
Duvessa is severely wounded.
Duvessa barely misses you. Duvessa hits you with a +0 rapier!
You shoot an arrow.
The arrow hits Duvessa but does no damage.
Duvessa is severely wounded.
Duvessa closely misses you.
You shoot an arrow. The arrow hits Duvessa.
The arrow burns Duvessa.
Duvessa is severely wounded.
Duvessa hits you with a +0 rapier! Duvessa hits you but does no damage.
2132 ||| READING scroll of teleportation.
As you read the scroll of teleportation, it crumbles to dust.
You feel strangely unstable.
You have got your breath back.
Duvessa closely misses you. Duvessa hits you with a +0 rapier!
You die...

.............. .......<.....
............ ....#.>....#
........?..# ..).......#
........e..# # ........@# ..
## .........# #.. #. #.
.........## ... #.
#........##..# #.####
#.##....##..### ###.....
.#.............#.####.......
.......#.......#..#.#....#..
...)..####.###.........#.#..
#............#.....# #.##.


You could see Duvessa (berserk, poisoned).

Vanquished Creatures
  Dowan (D:4)
  A hound (D:3)
  Natasha (D:4)
  An orc wizard (D:3)
  5 adders
  4 worms (D:2)
  5 dart slugs
  11 orcs
  10 endoplasms
  2 giant cockroaches
  3 hobgoblins
  6 jackals (D:1)
  9 kobolds
  3 quokkas
  10 ball pythons
  6 bats
  5 frilled lizards
  2 goblins
  3 rats
88 creatures vanquished.

Vanquished Creatures (others)
  A human (D:3)
1 creature vanquished.

Grand Total: 89 creatures vanquished

Notes
Turn   | Place    | Note
-------+----------+-------------------------------------------
     0 | D:1      | qw the Naga Hunter began the quest for the Orb.
     0 | D:1      | Reached XP level 1. HP: 19/19 MP: 1/1
     0 | D:1      | 0 ||| qw: Version: 0.3-a-7-ge0c9b40
     0 | D:1      | 0 ||| qw: Game counter: 1020
     0 | D:1      | 0 ||| qw: Always use a shield: true
     0 | D:1      | 0 ||| qw: God list: Okawaru
     0 | D:1      | 0 ||| qw: Allow faded altars: false
     0 | D:1      | 0 ||| qw: Do Orc after D:15 true
     0 | D:1      | 0 ||| qw: Do second Lair branch before Depths: true
     0 | D:1      | 0 ||| qw: Lair rune preference: random
     0 | D:1      | 0 ||| qw: Plans: Normal
     0 | D:1      | 0 ||| PLANNING D:1-11
    42 | D:1      | 42 ||| INVOKING Spit Poison.
    85 | D:1      | 85 ||| INVOKING Spit Poison.
   213 | D:1      | 213 ||| FLEEEEING.
   214 | D:1      | 214 ||| FLEEEEING.
   215 | D:1      | 215 ||| FLEEEEING.
   216 | D:1      | 216 ||| FLEEEEING.
   217 | D:1      | 217 ||| FLEEEEING.
   218 | D:1      | 218 ||| FLEEEEING.
   219 | D:1      | 219 ||| FLEEEEING.
   220 | D:1      | 220 ||| FLEEEEING.
   221 | D:1      | 221 ||| FLEEEEING.
   228 | D:1      | 228 ||| INVOKING Spit Poison.
   231 | D:1      | Reached skill level 4 in Ranged Weapons
   231 | D:1      | Reached XP level 2. HP: 22/26 MP: 2/2
   306 | D:1      | 306 ||| INVOKING Spit Poison.
   310 | D:1      | 310 ||| INVOKING Spit Poison.
   332 | D:1      | 332 ||| INVOKING Spit Poison.
   335 | D:1      | 335 ||| INVOKING Spit Poison.
   338 | D:1      | 338 ||| INVOKING Spit Poison.
   349 | D:1      | 349 ||| INVOKING Spit Poison.
   394 | D:1      | 394 ||| INVOKING Spit Poison.
   399 | D:1      | 399 ||| INVOKING Spit Poison.
   407 | D:1      | 407 ||| INVOKING Spit Poison.
   408 | D:1      | Reached XP level 3. HP: 32/32 MP: 3/3
   415 | D:1      | 415 ||| INVOKING Spit Poison.
   437 | D:1      | 437 ||| INVOKING Spit Poison.
   459 | D:1      | 459 ||| INVOKING Spit Poison.
   468 | D:1      | 468 ||| INVOKING Spit Poison.
   472 | D:1      | 472 ||| INVOKING Spit Poison.
   479 | D:1      | 479 ||| INVOKING Spit Poison.
   484 | D:1      | 484 ||| INVOKING Spit Poison.
   488 | D:1      | 488 ||| INVOKING Spit Poison.
   586 | D:1      | Found a faded altar of an unknown god.
   667 | D:1      | 667 ||| INVOKING Spit Poison.
   870 | D:1      | 870 ||| READING scroll labelled EZOBYMN ECHEKK.
   875 | D:1      | 875 ||| READING scroll labelled PINNAA OFUANA.
   876 | D:1      | 876 ||| READING scroll labelled KEDGHAT SUVAURA.
   877 | D:1      | 877 ||| DROPPING scroll of butterflies.
   892 | D:2      | 892 ||| INVOKING Spit Poison.
   905 | D:2      | 905 ||| INVOKING Spit Poison.
   925 | D:2      | 925 ||| INVOKING Spit Poison.
   928 | D:2      | 928 ||| INVOKING Spit Poison.
   932 | D:2      | 932 ||| INVOKING Spit Poison.
   937 | D:2      | Reached skill level 5 in Ranged Weapons
   937 | D:2      | Reached XP level 4. HP: 21/39 MP: 4/4
  1067 | D:2      | 1067 ||| INVOKING Spit Poison.
  1104 | D:2      | 1104 ||| INVOKING Spit Poison.
  1113 | D:2      | 1113 ||| INVOKING Spit Poison.
  1120 | D:2      | 1120 ||| INVOKING Spit Poison.
  1133 | D:2      | 1133 ||| INVOKING Spit Poison.
  1157 | D:2      | 1157 ||| INVOKING Spit Poison.
  1160 | D:2      | 1160 ||| INVOKING Spit Poison.
  1193 | D:2      | 1193 ||| INVOKING Spit Poison.
  1196 | D:2      | 1196 ||| INVOKING Spit Poison.
  1233 | D:2      | 1233 ||| INVOKING Spit Poison.
  1238 | D:2      | 1238 ||| INVOKING Spit Poison.
  1290 | D:2      | 1290 ||| INVOKING Spit Poison.
  1291 | D:2      | Reached skill level 3 in Fighting
  1297 | D:2      | Found an opulent altar of Gozag.
  1309 | D:2      | 1309 ||| INVOKING Spit Poison.
  1324 | D:2      | 1324 ||| DROPPING +0 sling of freezing.
  1411 | D:2      | 1411 ||| INVOKING Spit Poison.
  1454 | D:2      | 1454 ||| INVOKING Spit Poison.
  1455 | D:2      | Reached XP level 5. HP: 49/49 MP: 5/5
  1533 | D:2      | 1533 ||| UPGRADING to amulet of regeneration.
  1538 | D:2      | 1538 ||| READING scroll labelled BOOSER CUIPUDGH.
  1539 | D:2      | 1539 ||| READING scroll labelled NEALARI UGGYR.
  1540 | D:2      | 1540 ||| READING scroll labelled SUURUO HOCO.
  1541 | D:2      | 1541 ||| READING scroll labelled VOGUIM ISIRIPT.
  1542 | D:2      | 1542 ||| DRINKING 2 cyan potions.
  1573 | D:2      | 1573 ||| DROPPING potion of lignification.
  1633 | D:3      | 1633 ||| INVOKING Spit Poison.
  1650 | D:3      | 1650 ||| INVOKING Spit Poison.
  1654 | D:3      | 1654 ||| INVOKING Spit Poison.
  1667 | D:3      | 1667 ||| READING scroll of enchant weapon.
  1667 | D:3      | 1667 ||| ENCHANTING +1 shortbow of flaming.
  1672 | D:3      | 1672 ||| INVOKING Spit Poison.
  1683 | D:3      | 1683 ||| INVOKING Spit Poison.
  1687 | D:3      | 1687 ||| INVOKING Spit Poison.
  1692 | D:3      | 1692 ||| INVOKING Spit Poison.
  1743 | D:3      | 1743 ||| INVOKING Spit Poison.
  1772 | D:3      | Found an ancient bone altar of Kikubaaqudgha.
  1775 | D:3      | Noticed a human
  1776 | D:3      | Killed a human
  1844 | D:3      | 1844 ||| INVOKING Spit Poison.
  1847 | D:3      | 1847 ||| INVOKING Spit Poison.
  1864 | D:3      | 1864 ||| INVOKING Spit Poison.
  1895 | D:3      | Found a blossoming altar of Fedhas.
  1899 | D:3      | Found a stormy altar of Qazlal.
  1956 | D:3      | 1956 ||| INVOKING Spit Poison.
  1981 | D:3      | 1981 ||| UPGRADING to +1 ring mail of cold resistance.
  1991 | D:3      | 1991 ||| DROPPING +0 leather armour.
  1992 | D:3      | 1992 ||| UPGRADING to +2 robe of fire resistance.
  2002 | D:3      | 2002 ||| UPGRADING to +0 helmet.
  2007 | D:3      | 2007 ||| UPGRADING to +6 ring of dexterity.
  2008 | D:3      | 2008 ||| READING scroll labelled ZUUCECEIMM.
  2009 | D:3      | 2009 ||| DRINKING 2 puce potions.
  2010 | D:3      | 2010 ||| READING 3 scrolls of identify.
  2010 | D:3      | 2010 ||| IDENTIFYING ruby potion
  2011 | D:3      | 2011 ||| READING 2 scrolls of identify.
  2011 | D:3      | 2011 ||| IDENTIFYING viscous red potion
  2012 | D:3      | 2012 ||| DROPPING potion of brilliance.
  2050 | D:4      | 2050 ||| INVOKING Spit Poison.
  2070 | D:4      | Noticed Natasha
  2071 | D:4      | 2071 ||| INVOKING Spit Poison.
  2073 | D:4      | Killed Natasha
  2074 | D:4      | Reached XP level 6. HP: 56/56 MP: 6/6
  2091 | D:4      | Noticed Dowan
  2094 | D:4      | 2094 ||| INVOKING Spit Poison.
  2097 | D:4      | 2097 ||| INVOKING Spit Poison.
  2097 | D:4      | Killed Dowan
  2098 | D:4      | Reached skill level 6 in Ranged Weapons
  2114 | D:4      | 2114 ||| INVOKING Spit Poison.
  2119 | D:4      | Noticed Duvessa
  2121 | D:4      | 2121 ||| INVOKING Spit Poison.
  2128 | D:4      | 2128 ||| INVOKING Spit Poison.
  2131 | D:4      | HP: 4/56 [Duvessa/+0 rapier (16)]
  2132 | D:4      | 2132 ||| READING scroll of teleportation.
  2132 | D:4      | Slain by Duvessa

Levels and vault maps discovered:
D:1:      mushboom_english_gardens, layout_loops_ring,
          chequers_ecumenical_altar_lobes
D:2:      layout_loops_cross, basic_altar, st_stairs_7, kennysheep_doodads,
          amethyst_killhole
D:3:      layout_rooms, grunt_temple_overflow_forces_of_nature,
          tgw_kikubaaqudgha
D:4:      minmay_clustersquares, layout_cave_pools, uniq_natasha, uniq_duvessa

Skill      XL: |  1  2  3  4  5  6 |
---------------+-------------------+-----
Ranged Weapons | 4 5 6 |  6.1
Fighting       | 3 |  3.0
Dodging        | 2 |  2.1
Stealth        | |  1.5

Action                     |  1- 3 |  4- 6 || total
---------------------------+-------+-------++-------
   Fire: Shortbow          |    65 |   113 ||   178
Ability: Spit Poison       |    26 |    34 ||    60
    Use: Scroll            |     3 |     9 ||    12
         Potion            |       |     2 ||     2
 Armour: Leather armour    |     6 |     1 ||     7
         Robe              |       |     4 ||     4
  Dodge: Dodged            |    23 |    11 ||    34

Table legend:
 A = Non-vault XP
 B = Vault XP
 C = Vault XP percentage of total XP
 D = Non-vault monster count
 E = Vault monster count
 F = Vault count percentage of total count
                 A         B        C        D         E       F
            +---------+---------+-------+---------+---------+-------
      Total |     312 |     106 |  25.4 |      85 |       3 |   3.4
            +---------+---------+-------+---------+---------+-------
        D:1 |      58 |       0 |   0.0 |      28 |       0 |   0.0
        D:2 |     106 |       1 |   0.9 |      27 |       1 |   3.6
        D:3 |     125 |       0 |   0.0 |      20 |       0 |   0.0
        D:4 |      23 |     105 |  82.0 |      10 |       2 |  16.7
            +---------+---------+-------+---------+---------+-------
